TOP OF THE 1ST |
Virginia Cavaliers batting - Pitching for Saint John's Red Storm : RHP Eddie Connors
|
Pitching: RHP Eddie Connors
|
|
Batting: RHB Bartolo Reyes
|
0-0: Called Strike 0-1: Ball 1-1: Fly out, F3 (Popup, 3F)
|
Batting: RHB Stan Taylor
|
0-0: Ball 1-0: SINGLE (Line Drive, 7S)
|
Batting: LHB Gabriel Aragón
|
0-0: Called Strike 0-1: Ball 1-1: Ball Stan Taylor is caught stealing 2nd base 2-1: Ground out 6-3 (Groundball, 6M)
|
Top of the 1st over - 0 run(s), 1 hit(s), 0 error(s), 0 left on base; Virginia 0 - Saint John's 0 |
BOTTOM OF THE 1ST |
Saint John's Red Storm batting - Pitching for Virginia Cavaliers : RHP Will Hall
|
Pitching: RHP Will Hall
|
|
Batting: LHB Félix Costa
|
0-0: Foul Ball, location: 2F 0-1: SINGLE (Line Drive, 6MD)
|
Batting: RHB Miguel Hernández
|
0-0: Foul Ball, location: 2F 0-1: SINGLE (Flyball, 8LS) Félix Costa to second
|
Batting: RHB Nick Crosby
|
0-0: Ball 1-0: Called Strike 1-1: Foul Ball, location: 2F 1-2: Ball 2-2: Grounds into double play, 6-4-3 (Groundball, 6) Félix Costa to third
|
Batting: RHB José Maldonado
|
0-0: Called Strike 0-1: Called Strike 0-2: Strikes out swinging
|
Bottom of the 1st over - 0 run(s), 2 hit(s), 0 error(s), 1 left on base; Virginia 0 - Saint John's 0 |
TOP OF THE 2ND |
Virginia Cavaliers batting - Pitching for Saint John's Red Storm : RHP Eddie Connors
|
Batting: RHB Curt Owens
|
0-0: Ball 1-0: Called Strike 1-1: Fly out, F9 (Popup, 4D)
|
Batting: LHB Pablo Espinoza
|
0-0: Foul Ball, location: 2F 0-1: Ball 1-1: Swinging Strike 1-2: Strikes out swinging
|
Batting: RHB Mark Whiffen
|
0-0: Swinging Strike 0-1: Foul Ball, location: 2F 0-2: Ball 1-2: Ball 2-2: Strikes out swinging
|
Top of the 2nd over - 0 run(s), 0 hit(s), 0 error(s), 0 left on base; Virginia 0 - Saint John's 0 |
BOTTOM OF THE 2ND |
Saint John's Red Storm batting - Pitching for Virginia Cavaliers : RHP Will Hall
|
Batting: LHB Robby Lawson
|
0-0: Ball 1-0: Ball 2-0: Foul Ball, location: 2F 2-1: Foul Ball, location: 2F 2-2: Fly out, F4 (Popup, 34D)
|
Batting: RHB Jeffery Evans
|
0-0: Fly out, F9 (Flyball, 89S)
|
Batting: RHB Sherman Cummings
|
0-0: Ball 1-0: Called Strike 1-1: Ball 2-1: Swinging Strike 2-2: SINGLE (Line Drive, 89M)
|
Batting: SHB Ray O'Dell
|
0-0: Ball 1-0: Swinging Strike 1-1: Foul Ball, location: 2F 1-2: Ball 2-2: Strikes out swinging
|
Bottom of the 2nd over - 0 run(s), 1 hit(s), 0 error(s), 1 left on base; Virginia 0 - Saint John's 0 |
TOP OF THE 3RD |
Virginia Cavaliers batting - Pitching for Saint John's Red Storm : RHP Eddie Connors
|
Batting: SHB Walton Locke
|
0-0: Ball 1-0: Swinging Strike 1-1: Ball 2-1: Ball 3-1: DOUBLE (Flyball, 78XD)
|
Batting: RHB David Rodríguez
|
0-0: Foul Ball, location: 2F 0-1: Called Strike 0-2: Ball 1-2: Ball 2-2: Foul Ball, location: 2F 2-2: Hit by Pitch
|
Batting: RHB Bruce Kefer
|
0-0: Foul Ball, location: 2F 0-1: Ball 1-1: Swinging Strike 1-2: Strikes out looking
|
Batting: RHB Bartolo Reyes
|
0-0: SINGLE (Line Drive, 56D) Walton Locke to third David Rodríguez to second Runner from 3rd tries for Home, SAFE, no throw or cutoff
|
Batting: RHB Stan Taylor
|
0-0: Ball 1-0: Ball 2-0: Ball 3-0: Called Strike 3-1: Called Strike 3-2: Foul Ball, location: 2F 3-2: Base on Balls David Rodríguez to third Bartolo Reyes to second
|
Batting: LHB Gabriel Aragón
|
0-0: Called Strike 0-1: Ball 1-1: Swinging Strike 1-2: Fly out, F7 (Line Drive, 78M) Runner from 3rd tags up, SCORES, throw made
|
Batting: RHB Curt Owens
|
0-0: Called Strike 0-1: Foul Ball, location: 2F 0-2: Ground out 1-3 (Groundball, 13)
|
Top of the 3rd over - 2 run(s), 2 hit(s), 0 error(s), 2 left on base; Virginia 2 - Saint John's 0 |
BOTTOM OF THE 3RD |
Saint John's Red Storm batting - Pitching for Virginia Cavaliers : RHP Will Hall
|
Batting: RHB Brent Allen
|
0-0: Ball 1-0: Ball 2-0: Called Strike 2-1: Foul Ball, location: 2F 2-2: Strikes out swinging
|
Batting: LHB Félix Costa
|
0-0: Foul Ball, location: 2F 0-1: Ground out 6-3 (Groundball, 6)
|
Batting: RHB Miguel Hernández
|
0-0: Ball 1-0: Called Strike 1-1: Foul Ball, location: 2F 1-2: Ball 2-2: Strikes out swinging
|
Bottom of the 3rd over - 0 run(s), 0 hit(s), 0 error(s), 0 left on base; Virginia 2 - Saint John's 0 |
TOP OF THE 4TH |
Virginia Cavaliers batting - Pitching for Saint John's Red Storm : RHP Eddie Connors
|
Batting: LHB Pablo Espinoza
|
0-0: Ball 1-0: Called Strike 1-1: Ball 2-1: Foul Ball, location: 2F 2-2: Strikes out swinging
|
Batting: RHB Mark Whiffen
|
0-0: Foul Ball, location: 2F 0-1: Foul Ball, location: 2F 0-2: Foul Ball, location: 2F 0-2: Strikes out swinging
|
Batting: SHB Walton Locke
|
0-0: Ball 1-0: Ball 2-0: Swinging Strike 2-1: Ball 3-1: Called Strike 3-2: Ground out 6-3 (Groundball, 56)
|
Top of the 4th over - 0 run(s), 0 hit(s), 0 error(s), 0 left on base; Virginia 2 - Saint John's 0 |
BOTTOM OF THE 4TH |
Saint John's Red Storm batting - Pitching for Virginia Cavaliers : RHP Will Hall
|
Batting: RHB Nick Crosby
|
0-0: Ground out 6-3 (Groundball, 6)
|
Batting: RHB José Maldonado
|
0-0: Ball 1-0: Ball 2-0: Ball 3-0: Base on Balls
|
Batting: LHB Robby Lawson
|
0-0: Swinging Strike 0-1: Ball 1-1: Ball 2-1: Called Strike 2-2: Fly out, F9 (Flyball, 9M)
|
Batting: RHB Jeffery Evans
|
0-0: Ball 1-0: Foul Ball, location: 2F 1-1: Called Strike 1-2: Foul Ball, location: 2F 1-2: Ball 2-2: Strikes out swinging
|
Bottom of the 4th over - 0 run(s), 0 hit(s), 0 error(s), 1 left on base; Virginia 2 - Saint John's 0 |
TOP OF THE 5TH |
Virginia Cavaliers batting - Pitching for Saint John's Red Storm : RHP Eddie Connors
|
Batting: RHB David Rodríguez
|
0-0: Foul Ball, location: 2F 0-1: Foul Ball, location: 2F 0-2: Ball 1-2: Foul Ball, location: 2F 1-2: SINGLE (Groundball, 6M)
|
Batting: RHB Bruce Kefer
|
0-0: Called Strike 0-1: Swinging Strike 0-2: Ball 1-2: Strikes out swinging
|
Batting: RHB Bartolo Reyes
|
0-0: Ball 1-0: Ball 2-0: Foul Ball, location: 2F 2-1: Ball 3-1: Base on Balls David Rodríguez to second
|
Pitching: RHP Andrew Luna
|
|
Batting: RHB Stan Taylor
|
0-0: Ball 1-0: Called Strike 1-1: Foul Ball, location: 2F 1-2: Ball 2-2: Ball 3-2: Base on Balls David Rodríguez to third Bartolo Reyes to second
|
Batting: LHB Gabriel Aragón
|
0-0: Ball 1-0: Foul Ball, location: 2F 1-1: Swinging Strike 1-2: Ball 2-2: Fly out, F8 (Flyball, 8LS)
|
Batting: RHB Curt Owens
|
0-0: Ball 1-0: Called Strike 1-1: Swinging Strike 1-2: GRAND SLAM HOME RUN (Flyball, 89XD), Distance : 383 ft
|
Batting: LHB Pablo Espinoza
|
0-0: Ball 1-0: Ball 2-0: Called Strike 2-1: Ball 3-1: Base on Balls
|
Batting: RHB Mark Whiffen
|
0-0: Ball 1-0: Ground out 1-3 (Groundball, 15)
|
Top of the 5th over - 4 run(s), 2 hit(s), 0 error(s), 1 left on base; Virginia 6 - Saint John's 0 |
BOTTOM OF THE 5TH |
Saint John's Red Storm batting - Pitching for Virginia Cavaliers : RHP Will Hall
|
Batting: RHB Sherman Cummings
|
0-0: Called Strike 0-1: Ball 1-1: Foul Ball, location: 2F 1-2: Foul Ball, location: 2F 1-2: DOUBLE (Line Drive, 9LS)
|
Batting: SHB Ray O'Dell
|
0-0: Ball 1-0: Called Strike 1-1: SINGLE (Line Drive, 4M) Sherman Cummings to third
|
Batting: RHB Brent Allen
|
0-0: Called Strike 0-1: SINGLE (Line Drive, 34) Sherman Cummings scores Ray O'Dell to second Runner from 2nd tries for 3rd, SAFE, no throw or cutoff
|
Batting: LHB Félix Costa
|
0-0: Called Strike 0-1: Swinging Strike 0-2: Ball 1-2: Foul Ball, location: 2F 1-2: Ball 2-2: Foul Ball, location: 2F 2-2: Foul Ball, location: 2F 2-2: Foul Ball, location: 2F 2-2: Strikes out swinging
|
Batting: RHB Miguel Hernández
|
0-0: Foul Ball, location: 2F 0-1: Ball 1-1: Ball 2-1: Ball 3-1: Base on Balls Brent Allen to second
|
Pitching: RHP Mark Smiley
|
|
Batting: RHB Nick Crosby
|
0-0: Ball 1-0: Ball 2-0: Fly out, F8 (Flyball, 8RM) Runner from 3rd tags up, SCORES, no throw
|
Batting: RHB José Maldonado
|
0-0: Fly out, F1 (Popup, 13)
|
Bottom of the 5th over - 2 run(s), 3 hit(s), 0 error(s), 2 left on base; Virginia 6 - Saint John's 2 |
TOP OF THE 6TH |
Virginia Cavaliers batting - Pitching for Saint John's Red Storm : RHP Andrew Luna
|
Batting: SHB Walton Locke
|
0-0: Ball 1-0: Fly out, F8 (Flyball, 8LM)
|
Batting: RHB David Rodríguez
|
0-0: Foul Ball, location: 2F 0-1: Ball 1-1: Ground out 1-3 (Groundball, 15S)
|
Batting: RHB Bruce Kefer
|
0-0: Foul Ball, location: 2F 0-1: Foul Ball, location: 2F 0-2: Strikes out swinging
|
Top of the 6th over - 0 run(s), 0 hit(s), 0 error(s), 0 left on base; Virginia 6 - Saint John's 2 |
BOTTOM OF THE 6TH |
Saint John's Red Storm batting - Pitching for Virginia Cavaliers : RHP Mark Smiley
|
Batting: LHB Robby Lawson
|
0-0: Ball 1-0: Swinging Strike 1-1: Fly out, F8 (Flyball, 8RM)
|
Batting: RHB Jeffery Evans
|
0-0: Called Strike 0-1: Ball 1-1: Swinging Strike 1-2: Foul Ball, location: 2F 1-2: Ball 2-2: Strikes out swinging
|
Batting: RHB Sherman Cummings
|
0-0: Ball 1-0: Called Strike 1-1: Ball 2-1: SINGLE (Groundball, 25) (infield hit)
|
Batting: SHB Ray O'Dell
|
0-0: Ball 1-0: Called Strike 1-1: Called Strike 1-2: Strikes out swinging
|
Bottom of the 6th over - 0 run(s), 1 hit(s), 0 error(s), 1 left on base; Virginia 6 - Saint John's 2 |
TOP OF THE 7TH |
Virginia Cavaliers batting - Pitching for Saint John's Red Storm : RHP Andrew Luna
|
Pitching: RHP César Valdés
|
|
Batting: RHB Bartolo Reyes
|
0-0: Ground out 6-3 (Groundball, 6)
|
Batting: RHB Stan Taylor
|
0-0: Ball 1-0: Ground out 4-3 (Groundball, 34)
|
Batting: LHB Gabriel Aragón
|
0-0: Ball 1-0: Ball 2-0: Ball 3-0: Called Strike 3-1: Called Strike 3-2: SOLO HOME RUN (Flyball, 9LD), Distance : 322 ft
|
Batting: RHB Curt Owens
|
0-0: Ball 1-0: Ball 2-0: Ball 3-0: Called Strike 3-1: Base on Balls
|
Batting: LHB Pablo Espinoza
|
0-0: Ball Wild Pitch! Curt Owens to second 1-0: Foul Ball, location: 2F 1-1: Ground out 6-3 (Groundball, 6)
|
Top of the 7th over - 1 run(s), 1 hit(s), 0 error(s), 1 left on base; Virginia 7 - Saint John's 2 |
BOTTOM OF THE 7TH |
Saint John's Red Storm batting - Pitching for Virginia Cavaliers : RHP Mark Smiley
|
Batting: RHB Brent Allen
|
0-0: Ball 1-0: Ground out 4-3 (Groundball, 4M)
|
Pitching: LHP Bill Martin
|
|
Batting: LHB Félix Costa
|
0-0: Ball 1-0: Swinging Strike 1-1: Fly out, F8 (Flyball, 8LM)
|
Batting: RHB Miguel Hernández
|
0-0: Ball 1-0: Ball 2-0: Foul Ball, location: 2F 2-1: Foul Ball, location: 2F 2-2: Ground out 2-3 (Groundball, 23)
|
Bottom of the 7th over - 0 run(s), 0 hit(s), 0 error(s), 0 left on base; Virginia 7 - Saint John's 2 |
TOP OF THE 8TH |
Virginia Cavaliers batting - Pitching for Saint John's Red Storm : RHP César Valdés
|
Batting: RHB Mark Whiffen
|
0-0: Called Strike 0-1: Ball 1-1: Ball 2-1: Fly out, F9 (Flyball, 9M)
|
Batting: SHB Walton Locke
|
0-0: Swinging Strike 0-1: SINGLE (Line Drive, 8LS)
|
Batting: RHB David Rodríguez
|
0-0: Called Strike 0-1: Ball 1-1: Swinging Strike 1-2: Foul Ball, location: 2F 1-2: Foul Ball, location: 2F 1-2: Strikes out looking
|
Batting: RHB Bruce Kefer
|
0-0: SINGLE (Line Drive, 6D) Walton Locke to second
|
Batting: RHB Bartolo Reyes
|
0-0: Fielders Choice at 2nd, U6 (Groundball, 6M)
|
Top of the 8th over - 0 run(s), 2 hit(s), 0 error(s), 2 left on base; Virginia 7 - Saint John's 2 |
BOTTOM OF THE 8TH |
Saint John's Red Storm batting - Pitching for Virginia Cavaliers : LHP Bill Martin
|
Now in CF: Jonathan Reynolds
|
|
Batting: RHB Nick Crosby
|
0-0: Ground out 6-3 (Groundball, 6D)
|
Batting: RHB José Maldonado
|
0-0: Called Strike 0-1: Ball 1-1: Ball 2-1: Fly out, F8 (Line Drive, 8RM)
|
Batting: LHB Robby Lawson
|
0-0: Ball 1-0: Called Strike 1-1: Ball 2-1: Foul Ball, location: 2F 2-2: Ground out 6-3 (Groundball, 6)
|
Bottom of the 8th over - 0 run(s), 0 hit(s), 0 error(s), 0 left on base; Virginia 7 - Saint John's 2 |
TOP OF THE 9TH |
Virginia Cavaliers batting - Pitching for Saint John's Red Storm : RHP César Valdés
|
Batting: RHB Stan Taylor
|
0-0: Called Strike 0-1: Ball 1-1: Foul Ball, location: 2F 1-2: SINGLE (Line Drive, 56D)
|
Batting: LHB Gabriel Aragón
|
0-0: Ball 1-0: Ball 2-0: Ball 3-0: Called Strike 3-1: 2-RUN HOME RUN (Flyball, 9LD), Distance : 318 ft
|
Batting: RHB Curt Owens
|
0-0: Ground out 5-3 (Groundball, 5S)
|
Batting: LHB Pablo Espinoza
|
0-0: Ball 1-0: Swinging Strike 1-1: Ball 2-1: Swinging Strike 2-2: Strikes out swinging
|
Batting: RHB Mark Whiffen
|
0-0: Ball 1-0: SINGLE (Line Drive, 89S)
|
Batting: SHB Walton Locke
|
0-0: Swinging Strike 0-1: Ball 1-1: Fly out, F8 (Line Drive, 8LD)
|
Top of the 9th over - 2 run(s), 3 hit(s), 0 error(s), 1 left on base; Virginia 9 - Saint John's 2 |
BOTTOM OF THE 9TH |
Saint John's Red Storm batting - Pitching for Virginia Cavaliers : LHP Bill Martin
|
Now at C: Pat McDonald
|
|
Batting: RHB Jeffery Evans
|
0-0: Swinging Strike 0-1: Swinging Strike 0-2: Foul Ball, location: 2F 0-2: Strikes out swinging
|
Batting: RHB Sherman Cummings
|
0-0: Ball 1-0: SINGLE (Flyball, 8RS)
|
Batting: SHB Ray O'Dell
|
0-0: Grounds into double play, 6-4-3 (Groundball, 56)
|
Bottom of the 9th over - 0 run(s), 1 hit(s), 0 error(s), 0 left on base; Virginia 9 - Saint John's 2 |
|